 Dungeon Crawl Stone Soup version 0.28.0 (webtiles) character file.

Game seed: 13467429990894784444

262424 crazypyro the Executioner (level 19, -13/182 HPs)
             Began as a Minotaur Fighter on Feb 4, 2022.
             Was an Initiate of Gozag.
             Mangled by a large abomination (illusionary) (21 damage)
             ... while paralysed by accursed screaming
             ... on level 3 of the Abyss.
             The game lasted 01:24:37 (37595 turns).

crazypyro the Executioner (Minotaur Fighter)       Turns: 37595, Time: 01:24:38

Health: -13/182    AC: 36    Str: 24    XL:     19   Next: 22%
Magic:  0/18       EV:  2    Int: 12    God:    Gozag
Gold:   6829       SH:  0    Dex: 17    Spells: 18/18 levels left

rFire   + + .      SeeInvis .   J - +4 war axe (vamp)
rCold   + + .      Faith    .   l - +4 kite shield
rNeg    . . .      Spirit   .   S - +3 plate armour {rF+}
rPois   +          Reflect  +   T - +1 hat {Int+3}
rElec   +          Harm     .   t - +2 cloak {rPois}
rCorr   +          Rampage  .   w - +2 pair of gloves "Kil Ita" {+Blink Regen+}
Will    ++...                   Y - +2 pair of boots {Stlth+}
Stlth   ..........              Q - amulet of Lies {Reflect rElec rCorr Str-4 Slay+5 SH+5}
HPRegen 1.20/turn               k - ring of willpower
MPRegen 0.16/turn               Z - ring of Werur {rC+ Int+4 Dex+6}

@: paralysed, about to teleport, resistant, afraid, hasted
A: horns 2, retaliatory headbutt, talons 1, iridescent scales 1, screaming 1
}: 2/15 runes: decaying, gossamer
a: Renounce Religion, Evoke Blink, Potion Petition, Call Merchant, Bribe Branch


You were on level 3 of the Abyss.
You worshipped Gozag.
Gozag was greatly pleased with you.
You visited 7 branches of the dungeon, and saw 34 of its levels.
You visited the Abyss 1 time.
You also visited: Ice Cave.

You collected 13945 gold pieces.
You spent 3029 gold pieces at shops.
You paid 4087 gold pieces to Gozag.

Inventory:

Hand Weapons
 a - a +0 broad axe of draining
 b - a +2 hand axe of flaming
 J - a +4 vampiric war axe (weapon)
Missiles
 v - 4 throwing nets (quivered)
Armour
 l - a +4 kite shield (worn)
 r - a scarf of resistance
 t - a +2 cloak of poison resistance (worn)
 w - the +2 pair of gloves "Kil Ita" (worn) {+Blink Regen+}
   (You acquired it on level 4 of the Spider Nest)

   +Blink:    It lets you blink.
   Regen:     It increases your rate of health regeneration.
 y - the +2 pair of gloves of Lycankut {rF++ Dex+2}
   (You found it on level 4 of the Spider Nest)

   Dex:       It affects your dexterity (+2).
   rF:        It greatly protects you from fire.
 S - a +3 plate armour of fire resistance (worn)
 T - a +1 hat of intelligence (worn)
 V - a +3 chain mail of willpower
 Y - a +2 pair of boots of stealth (worn)
Jewellery
 k - a ring of willpower (left hand)
 x - a +4 ring of slaying
 G - a ring of flight
 H - a ring of protection from fire
 K - a ring of positive energy
 P - the ring of Hiekorin {*Slow rElec rCorr MP+9 Dex+6}
   (You found it on level 10 of the Dungeon)

   [ring of dexterity]

   Dex:       It affects your dexterity (+6).
   rElec:     It insulates you from electricity.
   MP:        It affects your magic capacity (+9).
   rCorr:     It protects you from acid and corrosion.
   *Slow:     It may slow you when you take damage.
 Q - the amulet of Lies (around neck) {Reflect rElec rCorr Str-4 Slay+5 SH+5}
   (You bought it in a shop on level 11 of the Dungeon)

   [amulet of reflection]

   It reflects blocked missile attacks.
   Str:       It affects your strength (-4).
   Slay:      It affects your accuracy & damage with ranged weapons and melee
   (+5).
   rElec:     It insulates you from electricity.
   rCorr:     It protects you from acid and corrosion.
   SH:        It affects your SH (+5).
 Z - the ring of Werur (right hand) {rC+ Int+4 Dex+6}
   (You found it on level 2 of the Orcish Mines)

   [ring of dexterity]

   Int:       It affects your intelligence (+4).
   Dex:       It affects your dexterity (+6).
   rC:        It protects you from cold.
Wands
 c - a wand of flame (32)
 d - a wand of paralysis (10)
 i - a wand of mindburst (5)
 D - a wand of charming (17)
 E - a wand of iceblast (15)
 M - a wand of polymorph (31)
 N - a wand of digging (5)
 R - a wand of acid (22)
Scrolls
 e - 2 scrolls of blinking
 f - 2 scrolls of fog
 n - a scroll of enchant weapon
 o - 3 scrolls of amnesia
 p - 6 scrolls of holy word
 C - 10 scrolls of identify
 F - 6 scrolls of teleportation
 I - 4 scrolls of fear
 L - a scroll of brand weapon
 U - 2 scrolls of magic mapping
Potions
 g - 6 potions of haste
 h - 2 potions of might
 j - 3 potions of resistance
 m - 6 potions of mutation
 q - a potion of magic {unknown}
 s - 8 potions of brilliance
 u - 3 potions of invisibility
 z - 5 potions of curing
 A - a potion of heal wounds
 B - 3 potions of cancellation
 O - 3 potions of ambrosia
 W - 3 potions of flight
 X - 3 potions of lignification


   Skills:
 + Level 19.0 Fighting
 * Level 24.9 Axes
 + Level 19.0 Armour
 - Level 9.0 Dodging
 + Level 19.1 Shields
 - Level 3.2 Evocations


You had 18 spell levels left.
You didn't know any spells.
Your spell library contained the following spells:

 Spells                   Type           Power      Damage    Failure   Level
 Apportation              Tloc           0%         N/A       96%         1
 Magic Dart               Conj           0%         1d3       96%         1
 Summon Small Mammal      Summ           0%         N/A       96%         1
 Blink                    Tloc           0%         N/A       99%         2
 Ensorcelled Hibernation  Hex/Ice        0%         N/A       99%         2
 Searing Ray              Conj           0%         2d4       99%         2
 Call Canine Familiar     Summ           0%         N/A       100%        3
 Confusing Touch          Hex            0%         N/A       100%        3
 Conjure Flame            Conj/Fire      0%         6-21      100%        3
 Frozen Ramparts          Ice            0%         1d2       100%        3
 Ignite Poison            Fire/Tmut/Pois 0%         N/A       100%        3
 Inner Flame              Hex/Fire       0%         N/A       100%        3
 Stone Arrow              Conj/Erth      0%         3d7       100%        3
 Summon Guardian Golem    Hex/Summ       0%         N/A       100%        3
 Tukima's Dance           Hex            0%         N/A       100%        3
 Airstrike                Air            0%         N/A       100%        4
 Animate Armour           Summ/Erth      0%         N/A       100%        4
 Animate Dead             Necr           0%         N/A       100%        4
 Cause Fear               Hex            0%         N/A       100%        4
 Fulminant Prism          Conj/Hex       0%         3d6       100%        4
 Passage of Golubria      Tloc           0%         N/A       100%        4
 Sticky Flame             Conj/Fire      0%         2d3       100%        4
 Summon Ice Beast         Ice/Summ       0%         N/A       100%        4
 Summon Lightning Spire   Summ/Air       0%         N/A       100%        4
 Alistair's Intoxication  Tmut/Pois      0%         N/A       100%        5
 Iskenderun's Battlesphe  Conj           0%         2d6       100%        5
 Lightning Bolt           Conj/Air       0%         1d11      100%        5
 Manifold Assault         Tloc           0%         N/A       100%        5
 Summon Forest            Summ/Tloc      0%         N/A       100%        5
 Yara's Violent Unravell  Hex/Tmut       0%         3d3       100%        5
 Eringya's Noxious Bog    Tmut/Pois      0%         N/A       100%        6
 Iron Shot                Conj/Erth      0%         9d1       100%        6
 Enfeeble                 Hex            0%         N/A       100%        7
 Haunt                    Necr/Summ      0%         N/A       100%        7
 Ozocubu's Refrigeration  Ice            0%         4d5       100%        7
 Spellforged Servitor     Conj/Summ      0%         N/A       100%        7
 Storm Form               Tmut/Air       0%         N/A       100%        7
 Summon Hydra             Summ           0%         N/A       100%        7
 Discord                  Hex            0%         N/A       100%        8
 Infestation              Necr           0%         N/A       100%        8
 Lehudib's Crystal Spear  Conj/Erth      0%         10d2      100%        8


Dungeon Overview and Level Annotations

Branches:
Dungeon (15/15)            Temple (0/1) D:4            Lair (6/6) D:8
  Swamp (4/4) Lair:4       Spider (4/4) Lair:4        Slime (0/5) Lair:6
    Orc (2/2) D:11            Elf (2/3) Orc:2        Vaults (0/5) D:13
 Depths (1/4) D:15          IceCv (visited)

Altars:
Gozag
Kikubaaqudgha
Okawaru
Trog
Uskayaw
Wu Jian
Zin
The Shining One
Beogh

Shops:
D:2 [=*!:   D:5 *   D:11 =   D:14 :   Orc:2 [(:*   Lair:5 (   Swamp:2 [(

Annotations:
Swamp:2 Roxanne
Spider:1 2 runed translucent doors, pkoi's ghost, journeyman DrAE


Innate Abilities, Weirdness & Mutations

You have a pair of horns on your head.
You reflexively headbutt those who attack you in melee.
You have sharp toenails.
You are partially covered in iridescent scales. (AC +2)
You occasionally shout uncontrollably at your foes.


Message History

* * * LOW HITPOINT WARNING * * *
The raiju blinks!
You hit the large abomination but do no damage.
The large abomination is heavily damaged.
You hit the raiju.
You feel better.
You kill the raiju!
That felt strangely unrewarding.
You hit the ufetubus.
You hit the worldbinder but do no damage.
You hit the large abomination. You hit the large abomination.
The large abomination is severely damaged.
You slash the ufetubus!
You kill the ufetubus!
The ufetubus disappears in a puff of smoke!
You barely miss the ufetubus. You slash the worldbinder!
You destroy the worldbinder!
That felt strangely unrewarding.
The freezing wraith disappears in a puff of smoke! x3
You slash the large abomination!
You destroy the large abomination!
That felt strangely unrewarding.
You block the ufetubus's attack. The ufetubus barely misses you.
A deafening chorus of shrieks assaults your mind!
* * * LOW HITPOINT WARNING * * *
You suddenly lose the ability to move!
The large abomination hits you but does no damage.
The reaper hits you from afar with a +2 antimagic scythe.
* * * LOW HITPOINT WARNING * * *
The ufetubus hits you but does no damage. x2
The glowing orange brain pulsates.
The glowing orange brain radiates an aura of fear!
You are terrified of the glowing orange brain!
The ufetubus hits you but does no damage.
The ufetubus barely misses you. The starcursed mass barely misses you.
The reaper hits you from afar with a +2 antimagic scythe!!
* * * LOW HITPOINT WARNING * * *
You feel your power leaking away. The large abomination hits you!!
You die...
Your body crumbles into a pile of gold.

###.#.#### #
#.... .. .# . ≈.
.X ## . #
..#...... . .. #
)(.#. ... ... .
## ###.... . ###
..#.#.. ..
#..5###X##.# .. .
.#..53@XXXXX#...#
. #....5XX2.#....
. .
..#..§G5R.#...#.
# ##.§.#§#......
#..§.∩....#...# #
##.....#'#.. .
.......#...
#..........# .
#..§......#


You could see 7 starcursed masses, a reaper, a rakshasa, a glowing orange brain
(scary), a large abomination, a ynoxinul and 4 ufetubi.

Vanquished Creatures
  Nikola (Spider:1)
  A bone dragon (Swamp:4)
  Mlioglotl (Spider:1)
  Gastronok (D:11)
  6 thorn hunters
  2 fenstrider witches
  3 frost giants
  An emperor scorpion (Spider:3)
  A ghoul (Swamp:3)
  5 ghost moths
  2 orc warlords (Orc:2)
  A deep elf elementalist (Elf:2)
  3 very ugly things
  4 broodmothers (Spider:4)
  Nessos (Lair:5)
  A deep elf demonologist (Elf:1)
  8 eleionomae
  4 entropy weavers
  2 spark wasps
  9 bunyips
  A white draconian (IceCv)
  A shambling mangrove (Swamp:2)
  A great orb of eyes (Depths:1)
  A spriggan air mage (Swamp:3)
  The ghost of adizb the Fighter, a journeyman DsBe of Trog (Orc:2)
  6 boulder beetles
  An ogre mage (D:13)
  2 jorogumos (Spider:1)
  18 hydras
  A rakshasa (D:15)
  10 centaur warriors
  3 radroaches
  4 ironbound frosthearts (IceCv)
  3 catoblepae
  3 ghost crabs
  13 alligators
  13 two-headed ogres
  A deep troll earth mage (D:15)
  A tengu warrior (D:13)
  4 thrashing horrors (Abyss:3)
  Urug (D:11)
  A spriggan berserker (Swamp:3)
  A vampire mage (D:15)
  Nergalle (D:11)
  Sonja (Orc:2)
  4 deep elf knights (Elf:1)
  3 skeletal warriors
  11 spriggans
  5 pharaoh ants
  A sun moth (Spider:3)
  3 goliath frogs
  8 steelbarb worms
  2 death drakes
  5 deep trolls
  A spriggan druid (Swamp:4)
  12 orb spiders
  6 swamp dragons
  A phantasmal warrior (Swamp:4)
  2 spectral hydras (Swamp:4)
  8 bog bodies
  An orange crystal statue (IceCv)
  Pikel (D:4)
  4 deep elf archers
  5 orc knights
  19 deep elf zephyrmancers
  A necromancer (D:15)
  16 deep elf pyromancers
  10 wizards (D:14)
  A sphinx zombie (D:15)
  17 wolf spiders
  4 orc sorcerers
  A manticore (D:14)
  5 moths of wrath
  22 ugly things
  7 will-o-the-wisps
  2 large abominations (Abyss:3)
  A worldbinder (Abyss:3)
  5 elephants (Lair:4)
  7 cyclopes
  2 frost giant skeletons (D:15)
  3 black mambas
  2 ice statues (Spider:4)
  4 torpor snails
  An apocalypse crab (Abyss:3)
  A guardian serpent (shapeshifter) (D:10)
  16 cane toads
  2 gargoyles
  11 komodo dragons
  6 demonic crawlers
  17 rime drakes
  An unseen horror (D:10)
  3 kobold demonologists
  2 swamp worm zombies (Swamp:4)
  3 tengu conjurers
  4 yaktaurs
  3 meliai (Spider:4)
  7 hydra zombies (Swamp:4)
  26 polar bears
  7 trolls
  14 hornets
  Prince Ribbit (D:6)
  Grinder (D:4)
  3 tyrant leeches
  4 slime creatures
  21 tarantellas
  7 alligator zombies (Swamp:4)
  An ettin zombie (D:15)
  20 blink frogs
  5 dream sheep (Lair:4)
  10 raiju
  A meliai zombie (D:10)
  A water elemental (Elf:1)
  23 jumping spiders
  An air elemental (Abyss:3)
  26 culicivoras
  A ynoxinul (Abyss:3)
  32 yaks
  9 basilisks
  5 wyverns
  A fire elemental (Elf:1)
  6 wraiths
  A steam dragon (D:9)
  4 vampire mosquitoes
  39 redbacks
  16 wargs
  3 acid dragons
  14 swamp worms
  9 hell hounds (Lair:6)
  15 water moccasins
  A small abomination (Abyss:3)
  3 swamp drakes
  3 ice beasts
  40 orc warriors
  15 black bears
  20 wolves
  14 ogres
  3 necrophages
  15 centaurs
  4 phantoms
  4 kobold brigands
  2 gnoll sergeants
  A wyvern zombie (D:7)
  8 bullfrogs
  3 scorpions
  A water moccasin zombie (D:5)
  11 killer bees
  A vampire bat (Lair:6)
  4 centaur zombies
  A starcursed mass (Abyss:3)
  4 hounds
  A jelly (D:4)
  A bullfrog skeleton (D:5)
  19 orc priests
  5 centaur skeletons
  A gnoll shaman (D:5)
  Jessica (D:2)
  8 iguanas
  17 orc wizards
  2 spectral swamp drakes (Swamp:4)
  A killer bee zombie (D:7)
  2 howler monkey zombies
  3 swamp drake zombies (Swamp:4)
  17 gnolls
  9 adders
  A howler monkey skeleton (D:7)
  A shadow imp (D:6)
  A white imp (D:7)
  An ufetubus (D:5)
  5 worms
  5 dart slugs
  84 orcs
  2 bat zombies (D:6)
  10 endoplasms
  8 giant cockroaches
  6 goblins
  5 hobgoblins
  4 jackals
  4 quokkas
  9 ball pythons
  17 bats
  8 frilled lizards
  25 kobolds
  5 rats
  4 briar patches (Swamp:3)
  A lurking horror (Abyss:3)
1217 creatures vanquished.

Vanquished Creatures (others)
  7 dancing weapons
  A deep elf knight (Elf:2)
  3 wizards (D:14)
  2 deep elf pyromancers
  2 rime drakes (IceCv)
  A troll (D:10)
  6 bloated husks
  A culicivora (Spider:2)
  An orc (D:15)
  4 briar patches (Swamp:2)
  42 foxfires
  29 fungi
  53 plants
  A starspawn tentacle (Spider:1)
  5 toadstools (D:1)
  6 withered plants (D:15)
164 creatures vanquished.

Grand Total: 1381 creatures vanquished

Notes
Turn   | Place    | Note
-------+----------+-------------------------------------------
     0 | D:1      | crazypyro the Minotaur Fighter began the quest for the Orb.
     0 | D:1      | Reached XP level 1. HP: 19/19 MP: 0/0
   124 | D:1      | Found an opulent altar of Gozag.
   133 | D:1      | Became a worshipper of Gozag Ym Sagoz the Greedy
   237 | D:1      | Reached XP level 2. HP: 27/27 MP: 1/1
   277 | D:1      | Reached skill level 3 in Axes
   498 | D:1      | Reached XP level 3. HP: 33/33 MP: 2/2
   903 | D:2      | Found Vuhexzeq's Distillery.
  1202 | D:2      | Reached XP level 4. HP: 39/40 MP: 3/3
  1214 | D:2      | Reached skill level 4 in Axes
  1293 | D:2      | Found Xapruzo's Armour Shoppe.
  1338 | D:2      | Found Reqahedgh's Jewellery Emporium.
  1339 | D:2      | Noticed Jessica
  1341 | D:2      | Killed Jessica
  1490 | D:2      | Found Dewa's General Store.
  1493 | D:2      | Bought a +0 kite shield for 45 gold pieces
  1516 | D:2      | Found Mukoaw's Book Shop.
  2093 | D:3      | Reached XP level 5. HP: 15/47 MP: 4/4
  2423 | D:3      | Reached skill level 5 in Axes
  2525 | D:3      | Found a faded altar of an unknown god.
  2828 | D:4      | Reached XP level 6. HP: 45/55 MP: 5/5
  2844 | D:4      | Reached skill level 5 in Shields
  3059 | D:4      | Noticed Pikel
  3059 | D:4      | Noticed Grinder
  3072 | D:4      | Killed Pikel
  3073 | D:4      | Reached skill level 5 in Fighting
  3073 | D:4      | Reached skill level 6 in Axes
  3073 | D:4      | Reached skill level 5 in Armour
  3073 | D:4      | Reached XP level 7. HP: 40/62 MP: 6/6
  3074 | D:4      | Killed Grinder
  3075 | D:4      | Reached skill level 7 in Axes
  3075 | D:4      | Reached XP level 8. HP: 47/70 MP: 7/7
  3345 | D:4      | Reached skill level 1 in Dodging
  3416 | D:4      | Reached skill level 8 in Axes
  3568 | D:4      | Found a staircase to the Ecumenical Temple.
  3570 | D:4      | Identified the +0 scale mail "Weos" {Harm rF- Stlth+}
  3812 | D:5      | Entered Level 5 of the Dungeon
  3929 | D:5      | Reached skill level 9 in Axes
  3995 | D:5      | Found Leushess's Elemental Accessories.
  4109 | D:5      | Found an ornate altar of the Wu Jian Council.
  4449 | D:2      | Bought a +4 ring of slaying for 858 gold pieces
  4526 | D:6      | Noticed Prince Ribbit
  4544 | D:6      | Reached skill level 10 in Axes
  4550 | D:6      | Killed Prince Ribbit
  4551 | D:6      | Reached XP level 9. HP: 18/75 MP: 8/8
  4747 | D:6      | Reached skill level 11 in Axes
  4747 | D:6      | Reached skill level 5 in Dodging
  4770 | D:6      | Found a glowing golden altar of the Shining One.
  4876 | D:6      | Found an ancient bone altar of Kikubaaqudgha.
  5562 | D:7      | Reached skill level 12 in Axes
  6000 | D:7      | Noticed a two-headed ogre
  6415 | D:8      | Found an iron altar of Okawaru.
  6443 | D:8      | Noticed a boulder beetle
  6566 | D:7      | Killed a two-headed ogre
  6567 | D:7      | Reached skill level 13 in Axes
  6567 | D:7      | Reached XP level 10. HP: 65/83 MP: 9/9
  6696 | D:8      | Killed a boulder beetle
  6747 | D:8      | Gained mutation: You have sharp toenails. [potion of
                  | mutation]
  6747 | D:8      | Gained mutation: You are partially covered in iridescent
                  | scales. (AC +2) [potion of mutation]
  6855 | D:9      | Reached skill level 14 in Axes
  6977 | D:8      | Found a staircase to the Lair.
  7114 | D:8      | Found a hide-covered altar of Uskayaw.
  7197 | Lair:1   | Entered Level 1 of the Lair of Beasts
  7197 | Lair:1   | Noticed a cane toad
  7200 | Lair:1   | Killed a cane toad
  7214 | Lair:1   | Noticed a cane toad
  7225 | Lair:1   | Killed a cane toad
  7226 | Lair:1   | Reached skill level 15 in Axes
  7270 | Lair:1   | Noticed a cane toad
  7278 | Lair:1   | Killed a cane toad
  7327 | Lair:1   | Noticed a five-headed hydra
  7748 | D:9      | Reached XP level 11. HP: 83/89 MP: 10/10
  7886 | D:9      | Noticed a two-headed ogre
  7897 | D:9      | Killed a two-headed ogre
  8514 | D:10     | Entered Level 10 of the Dungeon
  8545 | D:10     | Noticed an orc knight
  8568 | D:10     | Killed an orc knight
  8569 | D:10     | Reached skill level 16 in Axes
  8676 | D:10     | Noticed a two-headed ogre
  8687 | D:10     | Killed a two-headed ogre
  8699 | D:10     | Noticed a two-headed ogre
  8739 | D:10     | Killed a two-headed ogre
  8845 | D:10     | Noticed a green ugly thing
  8845 | D:10     | Noticed a green ugly thing
  8866 | D:10     | Killed a green ugly thing
  8870 | D:10     | Killed a green ugly thing
  8885 | D:10     | Identified the +2 leather armour of the Gravedigger {+Inv
                  | rC+++ MP+9 Int-5}
  8897 | D:10     | Reached skill level 17 in Axes
  8899 | D:10     | Reached XP level 12. HP: 102/102 MP: 11/11
  8999 | D:10     | Noticed a two-headed ogre
  9006 | D:10     | Killed a two-headed ogre
  9124 | D:10     | Noticed a two-headed ogre
  9129 | D:10     | Killed a two-headed ogre
  9270 | D:10     | Identified the ring of Hiekorin {*Slow rElec rCorr MP+9
                  | Dex+6}
  9487 | D:10     | Found a glowing silver altar of Zin.
  9578 | D:11     | Bought the amulet of Lies {Reflect rElec rCorr Str-4 Slay+5
                  | SH+5} for 1057 gold pieces
  9704 | D:11     | Found a staircase to the Orcish Mines.
  9998 | D:11     | Noticed Gastronok
 10012 | D:11     | Killed Gastronok
 10133 | D:11     | Noticed a four-headed hydra
 10144 | D:11     | Killed a nine-headed hydra
 10452 | D:11     | Noticed Urug
 10461 | D:11     | Killed Urug
 10653 | Orc:1    | Entered Level 1 of the Orcish Mines
 10653 | Orc:1    | Noticed Nergalle
 10664 | D:11     | Killed Nergalle
 10665 | D:11     | Reached skill level 10 in Armour
 10665 | D:11     | Reached skill level 10 in Shields
 10679 | D:11     | Reached skill level 10 in Fighting
 10705 | Orc:1    | Noticed a two-headed ogre
 10752 | Orc:1    | Killed a two-headed ogre
 11183 | Orc:2    | Entered Level 2 of the Orcish Mines
 11191 | Orc:2    | Found a staircase to the Elven Halls.
 11212 | Elf:1    | Entered Level 1 of the Elven Halls
 11234 | Orc:2    | Noticed a two-headed ogre
 11258 | Orc:2    | Killed a two-headed ogre
 11259 | Orc:2    | Reached XP level 13. HP: 89/114 MP: 12/12
 11327 | Orc:2    | Found Xaetizeu's General Store.
 11498 | Orc:2    | Found Rixki's Book Shop.
 11559 | Orc:2    | Found a transporter.
 11578 | Orc:2    | Noticed adizb's ghost (journeyman DsBe)
 11615 | Orc:2    | Found a transporter.
 11711 | Orc:2    | Noticed an orc warlord
 11750 | Orc:2    | Killed an orc warlord
 12016 | Orc:2    | Noticed Sonja
 12022 | Orc:2    | Killed Sonja
 12232 | Orc:2    | Noticed an orc warlord
 12254 | Orc:2    | Killed an orc warlord
 12260 | Orc:2    | Found Avvirol's Antique Weapon Boutique.
 12267 | Orc:2    | Found Itadgheh's Antique Armour Shop.
 12524 | Orc:2    | Bought a pair of embroidered boots for 277 gold pieces
 12749 | Orc:2    | Killed adizb's ghost
 12831 | Orc:2    | Identified the ring of Werur {rC+ Int+4 Dex+6}
 13092 | D:8      | Found an iron altar of Okawaru.
 13162 | D:8      | Found a staircase to the Lair.
 13325 | D:8      | Found a hide-covered altar of Uskayaw.
 15133 | Lair:3   | You fall into a shaft and drop 1 floor!
 15352 | Lair:4   | Reached XP level 14. HP: 122/127 MP: 13/13
 15771 | Lair:4   | Found a staircase to the Swamp.
 16261 | Lair:4   | Found a hole to the Spider Nest.
 16678 | Lair:5   | Identified the +7 trident "Nacianae" {spect, rC+}
 16817 | Lair:5   | Noticed Nessos
 16831 | Lair:5   | Killed Nessos
 17768 | Lair:6   | Entered Level 6 of the Lair of Beasts
 18282 | Lair:6   | Reached skill level 18 in Axes
 18739 | Lair:6   | Found a staircase to the Slime Pits.
 19565 | D:12     | Reached XP level 15. HP: 139/139 MP: 14/14
 19816 | D:12     | Reached skill level 1 in Evocations
 20621 | D:13     | Reached skill level 19 in Axes
 20856 | D:13     | Found a gate to the Vaults.
 20971 | D:14     | Reached skill level 15 in Armour
 20978 | D:14     | Reached skill level 15 in Shields
 21035 | D:14     | Reached skill level 15 in Fighting
 21766 | D:14     | Identified the +1 scale mail of Viecuoxa {Str+3 Stlth-}
 21786 | D:14     | Identified the +2 dagger of Kousicof {vorpal, rF+ rC+}
 22457 | D:14     | Identified the +9 hunting sling of Dishonour {flame, rPois
                  | rF+ Will+}
 22494 | D:15     | Entered Level 15 of the Dungeon
 23024 | D:15     | Reached skill level 20 in Axes
 23247 | D:15     | Found a staircase to the Depths.
 23264 | D:15     | Reached XP level 16. HP: 91/149 MP: 15/15
 23744 | Depths:1 | Entered Level 1 of the Depths
 24131 | Swamp:1  | Entered Level 1 of the Swamp
 25280 | Swamp:2  | Paralysed by a fenstrider witch for 2 turns
 25287 | Swamp:2  | Reached skill level 21 in Axes
 25552 | Swamp:2  | Found a bloodstained altar of Trog.
 26076 | Swamp:2  | Bought a runed war axe for 162 gold pieces
 26083 | Swamp:2  | Bought a +3 plate armour of fire resistance for 630 gold
                  | pieces
 26153 | Swamp:2  | Noticed a thorn hunter
 26154 | Swamp:2  | Noticed a thorn hunter
 26164 | Swamp:2  | Killed a thorn hunter
 26180 | Swamp:2  | Killed a thorn hunter
 26580 | Swamp:2  | Identified Roxanne's Collected Works on the Mountains
 26580 | Swamp:2  | Noticed Roxanne
 27126 | Swamp:3  | Noticed a thorn hunter
 27135 | Swamp:3  | Killed a thorn hunter
 27184 | Swamp:3  | Noticed a thorn hunter
 27194 | Swamp:3  | Killed a thorn hunter
 27424 | Swamp:3  | Reached XP level 17. HP: 97/160 MP: 16/16
 28032 | Swamp:3  | Reached skill level 22 in Axes
 28599 | Swamp:4  | Entered Level 4 of the Swamp
 29960 | Swamp:4  | Noticed a bone dragon
 30116 | Swamp:4  | Killed a bone dragon
 30573 | Swamp:4  | Got a decaying rune of Zot
 30692 | Spider:1 | Entered Level 1 of the Spider Nest
 30979 | Spider:1 | Found a large runed translucent door.
 30979 | Spider:1 | Found a large runed translucent door.
 30984 | Spider:1 | Noticed pkoi's ghost (journeyman DrAE)
 31097 | Spider:1 | Noticed Nikola
 31114 | Spider:1 | Killed Nikola
 31498 | Spider:1 | Noticed Mlioglotl
 31531 | Spider:1 | Killed Mlioglotl
 32431 | Spider:2 | Reached skill level 23 in Axes
 32543 | Spider:2 | Identified the +6 long sword "Oplie" {drain, *Slow +Blink
                  | rCorr Str+8}
 32925 | Spider:3 | Reached XP level 18. HP: 171/171 MP: 17/17
 33241 | Spider:3 | Gained mutation: You occasionally shout uncontrollably at
                  | your foes. [mutagenic glow]
 33757 | Spider:4 | Entered Level 4 of the Spider Nest
 33983 | Spider:4 | Identified a scroll of acquirement
 33983 | Spider:4 | Acquired the +2 pair of gloves "Kil Ita" {+Blink Regen+}
 34064 | Spider:4 | Found a frozen archway.
 34088 | IceCv    | Entered an ice cave
 34527 | IceCv    | Identified the +1 scimitar of Untimely Demise {venom, rF+
                  | Dex+2}
 34530 | IceCv    | Got the Handbook of Snow
 34556 | IceCv    | Reached skill level 24 in Axes
 35878 | Spider:4 | Got a gossamer rune of Zot
 35883 | Spider:4 | Identified the +2 pair of gloves of Lycankut {rF++ Dex+2}
 36667 | Elf:1    | Reached XP level 19. HP: 181/181 MP: 18/18
 37404 | Elf:2    | Cast into level 3 of the Abyss (a deep elf sorcerer)
 37573 | Abyss:3  | Paralysed by an air elemental for 1 turns
 37594 | Abyss:3  | Paralysed by accursed screaming for 1 turns
 37595 | Abyss:3  | HP: 8/182 [reaper (21)]
 37595 | Abyss:3  | Mangled by a large abomination (illusionary)

Illustrated notes

Levels and vault maps discovered:
D:1:      ldierk_walled_garden, layout_basic, kennysheep_flooded_box
D:2:      layout_rooms, serial_shops, nicolae_shop_behind_doors,
          nicolae_diamond_shop, shop_fountains, nicolae_shop_waterfront,
          nicolae_shop_behind_doors, st_stairs_4, minmay_puff, uniq_jessica
D:3:      layout_basic, shapermc_ecumenical_altar_notcrosses, hex_large
D:4:      layout_basic, temple_pool_b, st_stairs_11, uniq_pikel, uniq_grinder
D:5:      layout_rooms, mainiacjoe_overflow_surrounded_room, minivault_26,
          nicolae_elemental_shop
D:6:      layout_cave_pods, lemuel_zombie_altar_kikubaaqudgha, tso_oasis_becter,
          serial_park_tiny_2, uniq_prince_ribbit1
D:7:      layout_cave_pods, minmay_misc_feat_four_crosses
D:8:      layout_rooms, mainiacjoe_overflow_brackets, mainiacjoe_overflow_paths,
          minmay_lair_entry_grove
D:9:      layout_cave_pods
D:10:     minmay_the_grid_octo_tiled_octocenter [minmay_the_grid_octo_clover,
          minmay_the_grid_octo_clover_2, minmay_the_grid_octo_pinwheel,
          minmay_the_grid_octo_checkered, minmay_the_grid_octo_prize_star,
          minmay_the_grid_square_5x5_intrusive_squares,
          minmay_the_grid_square_5x5_minibox,
          minmay_the_grid_square_5x5_trominoes,
          minmay_the_grid_square_5x5_inverted_slash], layout_basic,
          zin_statuary, minmay_lizard_king
D:11:     layout_roguey, david_orc_2, uniq_urug, uniq_gastronok
D:12:     layout_irregular_city
D:13:     layout_rooms, hangedman_vaults_entry_quadrant_bands
D:14:     minmay_tri_stars, layout_basic
D:15:     gammafunk_depths_entry_grave, layout_cave_pools, dk_noncrumbling_4,
          chequers_arboretum, grunt_decor_resistance
Lair:1:   layout_chaotic_city
Lair:2:   layout_cellular_growth, beast_lair_carwin_11
Lair:3:   layout_roguey, lemuel_fruit_fields, serial_bayou_shore_b
Lair:4:   layout_long_grid, swamp_mist, hellmonk_spider_entry_life_and_decay,
          grunt_megastairs_5
Lair:5:   layout_cave_pods, minmay_holes, serial_bayou_shore_b,
          infiniplex_staircase_pool_2, uniq_nessos
Lair:6:   hangedman_lair_caniforms_friends, layout_cellular_growth,
          dpeg_slime_entry_corner, roderic_batcave
Swamp:1:  layout_basic_swamp, evilmike_swamp_ruin_house_6, st_swamp_mini
Swamp:2:  layout_basic_swamp, nicolae_swamp_feature_on_the_river_bank,
          swamp_pool1, nicolae_swamp_soggy_hallways, uniq_roxanne
Swamp:3:  nzn_winding_woodlands_medium [nzn_winding_woodlands_5x5_perimeter,
          nzn_winding_woodlands_5x15_split_checker,
          nzn_winding_woodlands_5x5_open_star,
          nzn_winding_woodlands_5x5_default,
          nzn_winding_woodlands_center_garden, nzn_winding_woodlands_5x5_three,
          nzn_winding_woodlands_5x5_checkerboard,
          nzn_winding_woodlands_5x15_pockets,
          nzn_winding_woodlands_5x5_closed_star], layout_falls_marsh,
          nicolae_swamp_very_dense_foliage, swamp_pool3
Swamp:4:  swamp_pestilence, layout_basic_swamp, swamp_pool1
Spider:1: nicolae_spider_hilbert_zone_3 [nicolae_spider_hilbert_4_sides_2_open,
          nicolae_spider_hilbert_3_sides_1_open,
          nicolae_spider_hilbert_3_sides_1_open,
          nicolae_spider_hilbert_3_sides_1_open,
          nicolae_spider_hilbert_3_sides_1_open,
          nicolae_spider_hilbert_4_sides_1_open,
          nicolae_spider_hilbert_4_sides_1_open,
          nicolae_spider_hilbert_4_sides_1_open,
          nicolae_spider_hilbert_4_sides_1_open,
          nicolae_spider_hilbert_4_sides_1_open,
          nicolae_spider_hilbert_4_sides_1_open,
          nicolae_spider_hilbert_4_sides_1_open,
          nicolae_spider_hilbert_4_sides_1_open,
          nicolae_spider_hilbert_3_sides_1_open,
          nicolae_spider_hilbert_3_sides_1_open,
          nicolae_spider_hilbert_3_sides_1_open,
          nicolae_spider_hilbert_3_sides_1_open], ebering_ghost_disaster_area,
          nicolae_spider_twisty_arc_passages, uniq_mlioglotl, uniq_nikola
Spider:2: layout_spider_delve
Spider:3: lemuel_spider_zombies
Spider:4: grunt_spider_rune_parallel, portal_ice_cave_entry_ice_statue_two,
          nicolae_spider_bug_shape
Orc:1:    layout_caves, ebering_ghost_xom, minmay_orc_temple_a, uniq_nergalle
Orc:2:    grunt_orc_community_town_hall, layout_diamond_mine,
          grunt_orc_community_big_house_1, grunt_orc_community_big_house_2,
          grunt_orc_community_house_2, grunt_orc_community_house_1,
          grunt_orc_community_house_2, grunt_orc_community_house_2,
          grunt_orc_community_house_3, gammafunk_ghost_berserking_beasts,
          uniq_sonja
Elf:1:    layout_onion_city, hangedman_elven_crosses_minicolossus
Elf:2:    nicolae_elf_blades_crystal_corner, layout_geoelf_octagon,
          serial_shops, nicolae_shop_hallway_plus, st_stairs_2
Depths:1: layout_cave_shapes, grunt_hell_entry_dis_old,
          chequers_serial_rivers_small_a, nicolae_rock_paper_scissors,
          minmay_shop_grove
Abyss:3:  base: Lair:4, bh_abyss_negative, hangedman_abyss_or_decor_passed,
          hangedman_abyss_rune_flesh_and_stone

Skill      XL: |  1  2  3  4  5  6  7  8  9 10 11 12 13 14 15 16 17 18 19 |
---------------+----------------------------------------------------------+-----
Axes           | 3 4 5 6 7 10 13 15 17 18 20 21 23 24 | 24.9
Armour         | 4 5 6 8 10 13 14 15 16 17 18 19 | 19.0
Shields        | 4 5 6 8 10 13 14 15 16 17 18 19 | 19.1
Fighting       | 4 5 6 8 10 12 14 15 16 17 18 19 | 19.0
Dodging        | 4 7 9 |  9.0
Evocations     | 3 |  3.2

Action                   |  1- 3 |  4- 6 |  7- 9 | 10-12 | 13-15 | 16-18 | 19-21 || total
-------------------------+-------+-------+-------+-------+-------+-------+-------++-------
Melee: War axe           |    93 |   149 |   229 |   455 |   883 |  1272 |   153 ||  3234
       Headbutt          |     9 |    12 |    60 |   104 |   273 |   478 |    32 ||   968
       Hand axe          |       |       |       |       |   122 |   213 |       ||   335
       Broad axe         |       |       |       |       |       |   213 |       ||   213
Throw: Throwing net      |       |       |       |     1 |       |       |       ||     1
Invok: Call Merchant     |       |       |       |     1 |     2 |     2 |       ||     5
  Use: Potion            |       |     1 |       |     4 |     2 |     9 |     3 ||    19
       Scroll            |       |       |    14 |     7 |     2 |    16 |     1 ||    40
 Stab: Distracted        |       |       |       |     1 |    16 |    31 |       ||    48
       Petrifying        |       |       |       |       |     2 |       |       ||     2
       Petrified         |       |       |       |       |     7 |       |       ||     7
       Held in net/web   |       |       |       |       |       |     1 |       ||     1
Armor: Scale mail        |    56 |    82 |    92 |   141 |       |       |       ||   371
       Chain mail        |       |       |       |    15 |   324 |   105 |       ||   444
       Plate armour      |       |       |       |       |       |   654 |    71 ||   725
Dodge: Dodged            |    50 |    63 |    93 |   182 |   254 |   419 |    75 ||  1136
Block: Buckler           |    26 |     8 |       |       |       |       |       ||    34
       Kite shield       |       |    35 |   101 |   247 |   761 |  1673 |   149 ||  2966
       Reflection        |       |       |       |       |    66 |    30 |    18 ||   114
